 Dungeon Crawl Stone Soup version 0.27-a0-1119-gbf574a6a6b (webtiles) character file.

Game seed: 17859778090279483008

34 Zeld the Shield-Bearer (level 3, -1/26 HPs)
             Began as an Octopode Fighter on May 2, 2021.
             Slain by an adder (2 damage)
             ... on level 2 of the Dungeon.
             The game lasted 00:00:38 (635 turns).

Zeld the Shield-Bearer (Octopode Fighter)            Turns: 635, Time: 00:00:39

Health: -1/26      AC:  1    Str: 16    XL:     3   Next: 31%
Magic:  3/3        EV: 11    Int: 10    God:
Gold:   26         SH:  9    Dex: 11    Spells: 2/2 levels left

rFire    . . .     SeeInvis .   a - +0 war axe
rCold    . . .     Faith    .   b - +0 kite shield
rNeg     . . .     Spirit   .   (helmet restricted)
rPois    .         Reflect  .   (no amulet)
rElec    .         Harm     .   (no ring)
rCorr    .         Rampage  .   (no ring)
Will     .....                  (no ring)
Stlth    ++........             (no ring)
HPRegen  0.08/turn              (no ring)
MPRegen  0.08/turn              (no ring)
                                (no ring)
                                (no ring)

@: no status effects
A: almost no armour, amphibious, 8 rings, camouflage 1, gelatinous body 1,
(nimble swimmer 1), tentacles
a: no special abilities


You were on level 2 of the Dungeon.
You visited 1 branch of the dungeon, and saw 2 of its levels.

You collected 26 gold pieces.

Inventory:

Hand Weapons
 a - a +0 war axe (weapon)
Armour
 b - a +0 kite shield (worn)
Wands
 h - a wand of flame (16)
Scrolls
 d - a scroll of vulnerability {unknown}
 e - a scroll of teleportation {unknown}
 f - a scroll of brand weapon {unknown}
Potions
 c - a potion of might
 g - a potion of haste {unknown}
 i - a potion of lignification {unknown}


   Skills:
 * Level 3.4 Fighting
 * Level 2.6 Axes
 - Level 3.0 Dodging
 * Level 3.5 Shields


You had 2 spell levels left.
You didn't know any spells.
Your spell library was empty.

Dungeon Overview and Level Annotations

Branches:
Dungeon (2/15)

Altars:


Innate Abilities, Weirdness & Mutations

You cannot wear most types of armour.
You are amphibious.
You can wear up to eight rings at the same time.
Your skin changes colour to match your surroundings (Stealth+).
Your rubbery body absorbs attacks. (AC +1, EV +1)
((You are camouflaged near water. (Stealth+)))
You have tentacles for arms and can constrict up to eight enemies at once.


Message History

You hit the jackal. Your squeeze misses the jackal.
The jackal is severely wounded.
You barely miss the jackal. You hit the adder. You constrict the jackal.
You kill the jackal!
You block the jackal's attack. The adder bites you.
You are poisoned.
The adder poisons you! The jackal closely misses you.
The adder bites you but does no damage.
A dart slug comes into view.
You barely miss the adder. Your grab misses the adder.
The adder is moderately wounded.
You barely miss the jackal. You hit the jackal. You hit the kobold.
You kill the kobold!
You feel sick. The jackal barely misses you.
The adder bites you but does no damage. You block the jackal's attack. x2
A goblin comes into view. It is wielding a +0 club.
The adder barely misses you. The jackal bites you. x2
You are too injured to fight recklessly!
You are too injured to fight recklessly!
You are too injured to fight recklessly!
You feel sick. The dart slug bites you. The adder barely misses you.
Things that are here:
a +0 war axe; a smoky golden potion; a kobold corpse You feel sick.
You feel sick.
You are no longer poisoned.
You miss the adder. Your grab misses the adder.
The adder is moderately wounded.
The adder barely misses you. The adder bites you.
* * * LOW HITPOINT WARNING * * *
You block the adder's attack.
You hit the adder. Your grab misses the adder.
The adder is heavily wounded.
You block the adder's attack. The adder bites you.
* * * LOW HITPOINT WARNING * * *
Unknown command.
You miss the adder. You grab the adder.
The adder is heavily wounded.
You constrict the adder. The adder bites you.
You die...

# ....... #.#.# #
....... #...# # ....
#..## # # #..# .# # #†##
.# # . #..##.# # ...
#.....# # .
.....###.##..###.. #....
.......hwS@.......
...........##.h###......
..............## ..##..
##........##?(†# ...
..... ##.... ###. ##
....... . ...#.....
..w.##..<. ....# ....


You could see an adder, a dart slug and 2 jackals.

Vanquished Creatures
  2 adders (D:2)
  An endoplasm (D:2)
  A giant cockroach (D:2)
  2 hobgoblins (D:1)
  A jackal (D:2)
  A bat (D:2)
  A frilled lizard (D:1)
  2 goblins
  4 kobolds
  2 rats (D:2)
17 creatures vanquished.

Notes
Turn   | Place    | Note
-------+----------+-------------------------------------------
     0 | D:1      | Zeld the Octopode Fighter began the quest for the Orb.
     0 | D:1      | Reached XP level 1. HP: 16/16 MP: 1/1
   366 | D:2      | Reached XP level 2. HP: 16/21 MP: 2/2
   620 | D:2      | Reached XP level 3. HP: 26/26 MP: 3/3
   634 | D:2      | HP: 1/26 [adder (2)]
   635 | D:2      | Slain by an adder

Illustrated notes

Levels and vault maps discovered:
D:1:      saegor_arrival_simple_c, layout_rooms, shapermc_ecumenical_altar_venn,
          chequers_serial_rivers_large_b, minmay_misc_feat_hallway
D:2:      layout_rooms, basic_altar, dk_noncrumbling_4, hangedman_decor_points,
          amcnicky_mini_rare_corridor_liquid, corexii_corridor_pit

Action                   || total
-------------------------++-------
Melee: War axe           ||    35
       Constrict         ||    10
       Tentacles         ||     2
 Stab: Sleeping          ||     4
Armor: Skin              ||     4
Dodge: Dodged            ||    19
Block: Kite shield       ||    26

Table legend: (Time is in decaauts)
 A = Elapsed time spent in this place.
 B = Non-inter-level travel time spent in this place.
 C = Inter-level travel time spent in this place.
 D = Time resting spent in this place.
 E = Time spent auto-exploring this place.
 F = Levels seen in this place.
 G = Mean time per level.
                   A        B        C        D        E       F      G
               +--------+--------+--------+--------+--------+-----+--------+
         Total |    656 |    649 |      7 |      0 |    519 |   2 |  328.0 |
       Dungeon |    656 |    649 |      7 |      0 |    519 |   2 |  328.0 |
               +--------+--------+--------+--------+--------+-----+--------+

Top non-repeatable levels by time:
     D:1: 364 daAuts
     D:2: 291 daAuts
